 Dungeon Crawl Stone Soup version 0.18-a0-1773-gec4f98e (webtiles) character file.

102813 Chiseanne the Fighter (level 15, 0/114 HPs)
             Began as a Demonspawn Monk on Apr 14, 2016.
             Was an Initiate of Gozag.
             Slain by a six-headed hydra (11 damage)
             ... on level 8 of the Lair of Beasts.
             The game lasted 01:47:39 (24394 turns).

Chiseanne the Fighter (Demonspawn Monk)            Turns: 24394, Time: 01:47:41

Health: 0/114      AC: 10    Str: 24    XL:     15   Next: 87%
Magic:  13/13      EV: 24    Int: 12    God:    Gozag
Gold:   1122       SH: 11    Dex: 25    Spells: 0 memorised, 14 levels left

rFire  + . .     SeeInvis +     s - +4 scimitar (flame)
rCold  + + +     Gourm    .     l - +0 robe of Giq Ylitzye {rPois rF+ Str+5}
rNeg   + + +     Faith    .     n - +3 buckler {AC+3}
rPois  +         Spirit   .     (helmet unavailable)
rElec  .         Dismiss  .     P - +0 cloak "Hicluwoh" {*Contam rPois rC+ MR++}
rCorr  .         Reflect  .     m - +0 pair of gloves {Str+3}
SustAt .         Harm     .     z - +0 pair of boots of Duty {rN++}
MR     ++++.     NoTele   +     o - macabre finger necklace {rN+}
Stlth  ++++++....               X - ring "Zuetichi" {-Tele rC+ MR+ Dex+8}
                                c - ring of see invisible
                                x - ring of Orthodoxy {rC+ Slay+2}

@: incredibly resistant to hostile enchantments, very stealthy
A: claws 1, horns 3, talons 2, frail 1, low mp 1, nightstalker 3, powered by
death 2, evolution 1, subdued magic 1
a: Potion Petition, Call Merchant, Bribe Branch, Renounce Religion


You were on level 8 of the Lair of Beasts.
You worshipped Gozag.
Gozag was noncommittal.
You were very full.

You visited 4 branches of the dungeon, and saw 26 of its levels.
You also visited: Labyrinth and Sewer.

You collected 8493 gold pieces.
You spent 4446 gold pieces at shops.
You paid 2925 gold pieces to Gozag.

Inventory:

Hand Weapons
 a - a +4 broad axe of electrocution
 d - a +2 morningstar of protection
 s - a +4 scimitar of flaming (weapon)
 w - a +0 blowgun
Missiles
 g - 38 poisoned needles
 A - 5 curare-tipped needles
Armour
 l - the +0 robe of Giq Ylitzye (worn) {rPois rF+ Str+5}
   (You found it in a labyrinth)

   It affects your strength (+5).
   It protects you from fire.
   It protects you from poison.
 m - a +0 pair of gloves of strength (worn)
 n - a +3 buckler of protection (worn)
 r - the +9 plate armour "Ufoj" {Regen+ Int+4}
   (You bought it in a shop on level 8 of the Dungeon)

   It affects your intelligence (+4).
   It increases your rate of regeneration.
 z - the +0 pair of boots of Duty (worn) {rN++}
   (You found it on level 8 of the Lair of Beasts)

   It greatly protects you from negative energy.
 M - the +3 scale mail "Piyghur" {rC+ MR+ Str+6 Stlth-}
   (You bought it in a shop on level 7 of the Lair of Beasts)

   It affects your strength (+6).
   It protects you from cold.
   It affects your resistance to hostile enchantments.
   It makes you less stealthy.
 P - the +0 cloak "Hicluwoh" (worn) {*Contam rPois rC+ MR++}
   (You bought it in a shop on level 8 of the Dungeon)

   It protects you from cold.
   It protects you from poison.
   It affects your resistance to hostile enchantments.
   It causes magical contamination when unequipped.
Jewellery
 c - a ring of see invisible (left hand)
 o - the macabre finger necklace (around neck) {rN+}
   (You bought it in a shop on level 8 of the Dungeon)

   [amulet of nothing]

   It protects you from negative energy.
 p - an uncursed amulet of regeneration
 x - the ring of Orthodoxy (on amulet) {rC+ Slay+2}
   (You bought it in a shop on level 8 of the Dungeon)

   [ring of protection from cold]

   It affects your accuracy and damage with ranged weapons and melee attacks
   (+2).
   It protects you from cold.
 N - an uncursed amulet of magic regeneration
 O - the ring of the Mage {Wiz MR++ Int+3}
   (You found it in a labyrinth)

   [ring of wizardry]

   It improves your spell success rate.
   It affects your intelligence (+3).
   It affects your resistance to hostile enchantments.
 V - an uncursed ring of flight
 X - the ring "Zuetichi" (right hand) {-Tele rC+ MR+ Dex+8}
   (You bought it in a shop on level 14 of the Dungeon)

   [ring of protection from magic]

   It affects your dexterity (+8).
   It protects you from cold.
   It affects your resistance to hostile enchantments.
   It prevents most forms of teleportation.
 Y - the ring of Xonibb {+Inv rPois}
   (You found it in a labyrinth)

   [ring of poison resistance]

   It protects you from poison.
   It lets you turn invisible.
Wands
 i - a wand of confusion (0/48)
 I - a wand of teleportation (6/9) {!* -tele on ring}
 K - a wand of acid (10/15)
 L - a wand of disintegration (12/24)
 S - a wand of digging (15/24)
Scrolls
 f - 14 scrolls of teleportation {!* - TELE on RiNG !!!}
 h - 7 scrolls of fear
 j - a scroll of fog
 q - 6 scrolls of recharging
 y - 5 scrolls of amnesia
 B - 6 scrolls of identify
 D - a scroll of enchant armour
 H - 2 scrolls of magic mapping
 Q - a scroll of blinking
 R - 9 scrolls of remove curse
Potions
 k - 2 potions of haste
 u - 3 potions of resistance
 v - a potion of magic
 F - a potion of cancellation
 J - 8 potions of curing
 T - a potion of berserk rage
 W - 2 potions of flight
 Z - 3 potions of heal wounds
Books
 U - a book of the Earth

   Spells                             Type                      Level
   a - Leda's Liquefaction            Hexes/Earth                  4
   b - Bolt of Magma                  Conjuration/Fire/Earth       5
   c - Statue Form                    Transmutation/Earth          6
   d - Iron Shot                      Conjuration/Earth            6
   e - Shatter                        Earth                        9
Miscellaneous
 t - a disc of storms
 C - a sack of spiders {used: 4}
Comestibles
 b - 14 bread rations
 e - 2 royal jellies
 E - 9 meat rations
 G - a fruit


   Skills:
 * Level 14.5 Fighting
 * Level 12.7 Axes
 - Level 12.1 Armour
 * Level 11.2 Dodging
 - Level 1.7 Stealth
 * Level 10.2 Shields
 - Level 3.6 Unarmed Combat


You had 14 spell levels left.
You didn't know any spells.

Dungeon Overview and Level Annotations

Branches:
Dungeon (15/15)            Temple (1/1) D:5            Lair (8/8) D:8
 Shoals (0/4) Lair:6        Snake (0/4) Lair:6        Slime (0/6) Lair:7
    Orc (2/2) D:9             Elf (0/3) Orc:2        Vaults (0/5) D:13
 Depths (0/5) D:15

Altars:
Ashenzari
Cheibriados
Dithmenos
Elyvilon
Fedhas
Gozag
Kikubaaqudgha
Makhleb
Nemelex Xobeh
Okawaru
Pakellas
Qazlal
Ru
Sif Muna
Trog
Vehumet
Xom
Yredelemnul
Zin
The Shining One
Beogh
Jiyva

Shops:
D:7 %}[:   D:8 =[   D:9 ([   D:10 *   D:13 ?!*((   D:14 *   Orc:2 =(*[*
Lair:7 [[

Portals:
Hell: Lair:8
Trove: D:10 (give 9 potions of agility)

Annotations:
D:5 M4edhros's ghost, novice OpNe
D:8 Gastronok; Prince Ribbit
D:12 Grum
Orc:2 exclusion: upstairs
Abyss:1 Urug


Innate Abilities, Weirdness & Mutations

You have sharp fingernails.
You have a pair of large horns on your head.
You have razor-sharp toenails.
You are completely attuned to the shadows.
You regenerate health from kills.
You are frail (-10% HP).
Your magical capacity is low (-10% MP).
You evolve.
Your spells are a little easier to cast, but a little less powerful.


Message History

You burn the six-headed hydra. You headbutt the six-headed hydra!
The six-headed hydra is moderately wounded.
The six-headed hydra misses you. The six-headed hydra bites you.
* * * LOW HITPOINT WARNING * * *
You block the six-headed hydra's attack.
The six-headed hydra bites you.
* * * LOW HITPOINT WARNING * * *
The six-headed hydra misses you. The six-headed hydra bites you.
* * * LOW HITPOINT WARNING * * *
You block the crocodile's attack.
You barely miss the six-headed hydra. You headbutt the six-headed hydra.
The six-headed hydra is heavily wounded.
You block the six-headed hydra's attack.
The six-headed hydra barely misses you. The six-headed hydra bites you.
* * * LOW HITPOINT WARNING * * *
The six-headed hydra bites you!
* * * LOW HITPOINT WARNING * * *
The six-headed hydra bites you!
You die...
Your body crumbles into a pile of gold.

≈§§≈≈≈§≈§≈≈≈≈
#############≈§≈≈≈≈§≈≈≈≈≈
#......).#...).≈§≈§≈≈≈§≈≈
#...8.8..#.........≈≈≈≈§≈
#..8.8...'...._....[∩≈≈≈≈
#...8.8..#........).≈§≈≈≈
#..8.8...#.....)..≈≈≈≈§§≈
#...8.8..###############§
#..8.8...'..@Dt........#
♣#........#...8....8....#
♣♣♣♣'#########.............#
.♣♣.♣♣♣ ######''#######
......♣ ♣....♣ .♣♣♣....
♣....♣ ♣♣ ♣♣♣. ♣..♣♣♣ .♣♣


You could see a six-headed hydra and a crocodile.

Vanquished Creatures
  Maud (Lair:6)
  An orc warlord (Orc:2)
  Azrael (D:14)
  A dire elephant (Lair:8)
  A minotaur (Lab)
  8 hydras
  A hell beast (Lair:8)
  3 centaur warriors
  An ogre mage (D:13)
  Erolcha (D:9)
  A tengu warrior (D:14)
  17 death yaks
  3 orc high priests (Orc:2)
  Sonja (Lair:3)
  A fire crab (Lair:8)
  3 skeletal warriors
  5 hill giants
  Pikel (D:7)
  2 unseen horrors
  3 wizards
  A necromancer (D:15)
  2 orc knights (Orc:2)
  3 deep elf magi
  An oklob plant (Lair:4)
  3 orc sorcerers (Orc:2)
  3 griffons
  5 cyclopes
  5 ugly things
  Maurice (D:13)
  10 elephants
  4 black mambas
  5 orange demons (Lair:8)
  A torpor snail (Lair:8)
  15 spiny frogs
  3 rime drakes
  A hellwing (Lair:8)
  An ice devil (Lair:8)
  7 komodo dragons
  4 trolls
  4 red devils (Lair:8)
  8 polar bears
  A queen bee (D:12)
  Grinder (D:3)
  2 two-headed ogres
  28 blink frogs
  A wolf spider simulacrum (D:15)
  2 wyverns
  25 yaks
  5 fire elementals (D:14)
  A water elemental (D:15)
  A hungry ghost (D:14)
  A basilisk (Lair:7)
  A mottled dragon (D:11)
  9 hippogriffs
  3 wargs (Orc:2)
  3 hell hounds (D:14)
  6 nagas (Lair:6)
  14 water moccasins
  25 orc warriors
  13 porcupines
  An eye of draining (D:12)
  3 ice beasts
  3 slaves (D:7)
  5 black bears (Lair:3)
  Purgy (Sewer)
  4 phantoms
  2 sky beasts (D:10)
  7 necrophages (Lair:3)
  3 ogres
  2 wolves (D:11)
  14 centaurs
  17 crocodiles
  A gnoll sergeant (D:8)
  8 giant frogs
  3 scorpions
  7 wights
  31 killer bees
  3 vampire bats (D:2)
  4 howler monkeys (D:14)
  An electric eel (D:15)
  3 crimson imps
  5 giant frog zombies
  4 centaur zombies
  35 orc wizards
  2 hounds
  4 jellies
  26 orc priests
  4 centaur skeletons
  6 iguanas
  4 hell rats (Lair:3)
  8 worker ants
  37 sheep
  A hound skeleton (D:5)
  11 gnolls
  A howler monkey skeleton (D:9)
  11 adders
  45 river rats
  2 shadow imps
  3 oozes
  2 adder skeletons
  6 worms
  A dart slug (D:2)
  5 giant geckos
  113 orcs
  A bat skeleton (D:2)
  4 bat zombies (D:2)
  4 giant cockroaches
  8 goblins
  6 hobgoblins
  6 jackals
  5 quokkas
  7 ball pythons
  5 bats
  A giant cockroach zombie (D:5)
  9 giant newts
  A jackal skeleton (D:4)
  7 kobolds
  A quokka skeleton (D:9)
  8 rats
  9 fungi
  5 plants
831 creatures vanquished.

Vanquished Creatures (collateral kills)
  A hydra (Lair:6)
1 creature vanquished.

Vanquished Creatures (others)
  A hydra (D:12)
  A centaur warrior (D:15)
  A tengu warrior (D:14)
  An orc high priest (Orc:2)
  3 skeletal warriors
  An unseen horror (D:12)
  3 orc knights
  3 hill giants
  4 ugly things
  A gargoyle (D:12)
  A troll (Orc:1)
  A two-headed ogre (D:13)
  A blink frog (Lair:1)
  A human (D:7)
  A wyvern (D:10)
  A hungry ghost (D:11)
  A sky beast (D:15)
  8 orc warriors
  An ogre (Orc:2)
  2 wolves (D:11)
  3 centaurs
  2 killer bees (D:12)
  A wight (D:6)
  A quasit (D:8)
  2 jellies
  2 hounds
  4 orc wizards
  2 orc priests
  An iguana (D:9)
  A worker ant (D:6)
  2 sheep (D:15)
  A gnoll (D:8)
  2 orcs
  12 fungi
  2 plants
75 creatures vanquished.

Grand Total: 907 creatures vanquished

Notes
Turn   | Place    | Note
--------------------------------------------------------------
     0 | D:1      | Chiseanne the Demonspawn Monk began the quest for the Orb.
     0 | D:1      | Reached XP level 1. HP: 18/18 MP: 1/1
   336 | D:1      | Gained mutation: You have a pair of small horns on your head. [demonic ancestry]
   336 | D:1      | Reached XP level 2. HP: 14/24 MP: 2/2
  1161 | D:2      | Gained mutation: You have sharp toenails. [demonic ancestry]
  1161 | D:2      | Reached XP level 3. HP: 29/29 MP: 3/3
  1206 | D:2      | Found a radiant altar of Vehumet.
  1636 | D:2      | Reached skill level 1 in Armour
  2091 | D:2      | Gained mutation: You regenerate a little health from kills. [demonic ancestry]
  2091 | D:2      | Reached XP level 4. HP: 33/37 MP: 4/4
  2097 | D:2      | Found an ancient bone altar of Kikubaaqudgha.
  2111 | D:2      | Reached skill level 4 in Fighting
  2122 | D:2      | Gained mutation: You are slightly more attuned to the shadows. [demonic ancestry]
  2122 | D:2      | Reached XP level 5. HP: 41/42 MP: 5/5
  2273 | D:3      | Noticed Grinder
  2283 | D:3      | Paralysed by Grinder for 2 turns
  2286 | D:3      | Paralysed by Grinder for 7 turns
  2306 | D:3      | Killed Grinder
  2306 | D:3      | Reached skill level 5 in Fighting
  2306 | D:3      | Reached XP level 6. HP: 48/51 MP: 6/6
  2979 | D:3      | Found a shimmering altar of Xom.
  2980 | D:3      | Found a shimmering altar of Xom.
  2981 | D:3      | Found a shimmering altar of Xom.
  2982 | D:3      | Found a shimmering altar of Xom.
  2982 | D:3      | Found a shimmering altar of Xom.
  3294 | D:3      | Found a stormy altar of Qazlal.
  3541 | D:4      | Got a slimy ring mail
  3577 | D:4      | Reached skill level 5 in Dodging
  3577 | D:4      | Gained mutation: You have sharp fingernails. [demonic ancestry]
  3577 | D:4      | Reached XP level 7. HP: 25/56 MP: 7/7
  3680 | D:3      | Identified the +1 ring mail of Xiobalin {rF+++ MR- rCorr Slay-3} (You found it on level 4 of the Dungeon)
  4022 | D:4      | Found a large runed door.
  4022 | D:4      | Found a large runed door.
  4199 | D:4      | Found a white marble altar of Elyvilon.
  4304 | D:4      | Found a large runed door.
  4304 | D:4      | Found a large runed door.
  4400 | D:4      | Noticed a yak
  4435 | D:4      | Reached skill level 6 in Fighting
  4461 | D:4      | Killed a yak
  4461 | D:4      | Reached skill level 1 in Axes
  4461 | D:4      | Gained mutation: You have razor-sharp toenails. [demonic ancestry]
  4461 | D:4      | Reached XP level 8. HP: 64/64 MP: 8/8
  4474 | D:5      | Entered Level 5 of the Dungeon
  4551 | D:5      | Found a staircase to the Ecumenical Temple.
  4576 | Temple   | Entered the Ecumenical Temple
  4627 | Temple   | Became a worshipper of Gozag Ym Sagoz the Greedy
  4706 | D:5      | Found a glowing drain.
  4718 | Sewer    | Entered a sewer
  4800 | Sewer    | Noticed Purgy
  4991 | Sewer    | Killed Purgy
  5108 | D:5      | Noticed M4edhros's ghost (novice OpNe)
  5506 | D:5      | Reached skill level 5 in Armour
  6101 | D:6      | Reached skill level 7 in Fighting
  6332 | D:6      | Found an oddly glowing altar of Pakellas.
  6355 | D:6      | Gained mutation: You are significantly more attuned to the shadows. [demonic ancestry]
  6355 | D:6      | Reached XP level 9. HP: 72/72 MP: 9/9
  6373 | D:7      | Found Utzeuc's Gadget Shoppe.
  6380 | D:7      | Found Tuqem's Food Shoppe.
  6389 | D:7      | Noticed Pikel
  6405 | D:7      | Killed Pikel
  6506 | D:7      | Found Hagifel's Antique Armour Emporium.
  6524 | D:7      | Bought a twisted leather armour for 154 gold pieces
  6591 | D:7      | Identified the cursed +0 leather armour of Ethics {rC+} (You bought it in a shop on level 7 of the Dungeon)
  6619 | D:7      | Found Qetill's Book Emporium.
  7038 | D:7      | Found a glowing silver altar of Zin.
  7203 | D:8      | Found a bloodstained altar of Trog.
  7204 | D:8      | Found a glowing golden altar of the Shining One.
  7204 | D:8      | Found an oddly glowing altar of Pakellas.
  7234 | D:8      | Found a staircase to the Lair.
  7247 | D:8      | Noticed Prince Ribbit
  7247 | D:8      | Reached skill level 8 in Fighting
  7513 | D:8      | Noticed Gastronok
  7559 | D:8      | Bought a faintly glowing cloak for 323 gold pieces
  7566 | D:8      | Identified the +0 cloak "Hicluwoh" {*Contam rPois rC+ MR++} (You bought it in a shop on level 8 of the Dungeon)
  7768 | D:8      | Gained mutation: You regenerate health from kills. [demonic ancestry]
  7768 | D:8      | Reached XP level 10. HP: 64/80 MP: 10/10
  7942 | D:9      | Found Luala's Armour Emporium.
  7944 | D:9      | Found a staircase to the Orcish Mines.
  7956 | D:9      | Reached skill level 5 in Axes
  7957 | D:9      | Found Vennos's Weapon Emporium.
  8161 | D:9      | Noticed Erolcha
  8175 | D:9      | Killed Erolcha
  8692 | D:10     | Entered Level 10 of the Dungeon
  8711 | D:10     | Found a portal to a secret trove of treasure.
  8787 | D:10     | Noticed a hill giant
  8839 | D:10     | Found Otiet Jig's Demolitions Depot.
  9064 | D:10     | Banished a hill giant
  9147 | D:10     | Reached skill level 9 in Fighting
  9411 | D:11     | Noticed a cyclops
  9889 | D:11     | Noticed Grum
  9988 | D:11     | Killed a cyclops
 10381 | D:11     | Reached XP level 11. HP: 89/89 MP: 11/11
 10626 | D:12     | Noticed a deep elf mage
 10640 | D:12     | Noticed a hill giant
 10643 | D:12     | Killed a hill giant
 10660 | D:12     | Noticed an unseen horror
 10664 | D:12     | Killed an unseen horror
 10763 | D:12     | Noticed a hill giant
 10881 | D:12     | Noticed a purple ugly thing
 11037 | D:12     | Noticed a deep elf mage
 11049 | D:12     | Killed a deep elf mage
 11049 | D:12     | Banished a hill giant
 11049 | D:12     | Reached skill level 10 in Fighting
 11058 | D:12     | Noticed a hill giant
 11065 | D:12     | Killed a hill giant
 11075 | D:12     | Noticed a hill giant
 11094 | D:12     | Noticed an eight-headed hydra
 11099 | D:12     | Banished a ten-headed hydra
 11135 | D:12     | Killed a hill giant
 11315 | D:8      | Bought a glowing buckler for 153 gold pieces
 11444 | D:12     | Noticed an unseen horror
 11450 | D:12     | Banished an unseen horror
 11570 | D:12     | Killed a deep elf mage
 11570 | D:12     | Reached skill level 1 in Shields
 11694 | D:13     | Noticed an ogre mage
 11697 | D:13     | Found a gate to the Vaults.
 11705 | D:13     | Killed an ogre mage
 11877 | D:8      | Bought a dazzling plate armour for 952 gold pieces
 11878 | D:8      | Identified the +9 plate armour "Ufoj" {Regen+ Int+4} (You bought it in a shop on level 8 of the Dungeon)
 12022 | D:13     | Found Caegyu's Antique Weapon Emporium.
 12036 | D:13     | Found Irasti Haumi's Distillery.
 12054 | D:13     | Found Woczi's General Store.
 12057 | D:13     | Bought a potion of agility for 60 gold pieces
 12059 | D:13     | Noticed a centaur warrior
 12175 | D:13     | Found Zeoptoq's Magic Scroll Shop.
 12322 | D:13     | Found a basalt altar of Yredelemnul.
 12368 | D:13     | Found Desoaxzo's Antique Weapon Boutique.
 12405 | D:13     | Noticed Maurice
 12416 | D:13     | Killed Maurice
 12416 | D:13     | Gained mutation: You have a pair of horns on your head. [demonic ancestry]
 12416 | D:13     | Reached XP level 12. HP: 98/98 MP: 12/12
 12486 | D:13     | Noticed a centaur warrior
 12519 | D:13     | Killed a centaur warrior
 12615 | D:14     | Noticed Azrael
 12635 | D:14     | Killed Azrael
 12661 | D:14     | Reached skill level 11 in Fighting
 12712 | D:14     | Noticed a tengu warrior
 12715 | D:14     | Noticed a tengu warrior
 12718 | D:14     | Banished a tengu warrior
 12734 | D:14     | Found Qawnio's Assorted Antiques.
 12749 | D:14     | Killed a tengu warrior
 12801 | D:14     | Reached skill level 10 in Armour
 12846 | D:14     | Bought a scorched gossamer ring for 120 gold pieces
 12846 | D:14     | Bought a potion of agility for 96 gold pieces
 12846 | D:14     | Bought a scroll of enchant armour for 180 gold pieces
 12858 | D:14     | Identified the ring "Zuetichi" {-Tele rC+ MR+ Dex+8} (You bought it in a shop on level 14 of the Dungeon)
 13006 | D:14     | Found a basalt altar of Yredelemnul.
 13234 | D:15     | Entered Level 15 of the Dungeon
 13292 | D:15     | Reached skill level 5 in Shields
 13356 | D:15     | Gained mutation: You have a pair of large horns on your head. [demonic ancestry]
 13356 | D:15     | Reached XP level 13. HP: 107/107 MP: 13/13
 13435 | D:15     | Found a staircase to the Depths.
 13822 | D:15     | Reached skill level 12 in Fighting
 14001 | D:15     | Reached skill level 10 in Axes
 14222 | D:13     | Bought a potion of heal wounds for 70 gold pieces
 14222 | D:13     | Bought a potion of curing for 42 gold pieces
 14222 | D:13     | Bought a potion of haste for 140 gold pieces
 14222 | D:13     | Bought a potion of curing for 42 gold pieces
 14326 | Orc:1    | Entered Level 1 of the Orcish Mines
 14328 | Orc:1    | Noticed Urug
 14335 | Orc:1    | Banished Urug
 14628 | Orc:2    | Entered Level 2 of the Orcish Mines
 14720 | Orc:2    | Found Taghahun's General Store.
 14753 | Orc:2    | HP: 2/109 [orc warrior/halberd (19)]
 14943 | Orc:2    | Found a roughly hewn altar of Beogh.
 15131 | Orc:2    | Bought a potion of resistance for 120 gold pieces
 15131 | Orc:2    | Bought a potion of flight for 36 gold pieces
 15232 | Orc:2    | Noticed an orc warlord
 15267 | Orc:2    | Killed an orc warlord
 15454 | Orc:2    | Found Ciuf's Antique Armour Shop.
 15455 | Orc:2    | Found Haogah's General Store.
 15455 | Orc:2    | Found Wuatuokh's Antique Weapon Shop.
 15455 | Orc:2    | Found Yzxoah's Jewellery Boutique.
 15470 | Orc:2    | Bought a scroll of identify for 26 gold pieces
 15471 | Orc:2    | Bought a cursed amulet of inaccuracy for 34 gold pieces
 15471 | Orc:2    | Bought a cursed ring of teleportation for 76 gold pieces
 15524 | Orc:2    | Reached XP level 14. HP: 116/116 MP: 14/14
 15721 | Orc:2    | Found a staircase to the Elven Halls.
 16383 | D:8      | Bought a cursed -2 ring of protection for 36 gold pieces
 16383 | D:8      | Bought a cursed ring of loudness for 81 gold pieces
 16390 | D:8      | Bought the macabre finger necklace {rN+} for 336 gold pieces
 16390 | D:8      | Bought the ring of Orthodoxy {rC+ Slay+2} for 727 gold pieces
 16411 | Lair:1   | Entered Level 1 of the Lair of Beasts
 16774 | Lair:1   | Gained mutation: You are frail (-10% HP). [mutagenic glow]
 16800 | Lair:1   | Gained mutation: Your spells are a little easier to cast, but a little less powerful. [mutagenic glow]
 16884 | D:12     | Gained mutation: Your magical capacity is low (-10% MP). [mutagenic glow]
 16941 | D:13     | Bought a scroll of enchant weapon for 90 gold pieces
 16941 | D:13     | Bought a scroll of torment for 90 gold pieces
 16941 | D:13     | Bought a scroll of identify for 24 gold pieces
 16941 | D:13     | Bought a scroll of identify for 24 gold pieces
 16941 | D:13     | Bought a scroll of identify for 24 gold pieces
 16941 | D:13     | Bought a scroll of identify for 24 gold pieces
 16941 | D:13     | Bought a scroll of fear for 42 gold pieces
 16941 | D:13     | Bought a scroll of teleportation for 36 gold pieces
 17561 | Lair:2   | Found a stormy altar of Qazlal.
 17657 | Lair:2   | Reached skill level 13 in Fighting
 18640 | Lair:3   | Noticed Sonja
 18646 | Lair:3   | Killed Sonja
 20133 | Lair:5   | Found a labyrinth entrance.
 20159 | Lab      | Entered a labyrinth
 20369 | Lab      | Got a vibrating tin ring
 20373 | Lab      | Identified the ring of Xonibb {+Inv rPois} (You found it in a labyrinth)
 20377 | Lab      | Got a fabulously ornate robe
 20378 | Lab      | Identified the +0 robe of Giq Ylitzye {rPois rF+ Str+5} (You found it in a labyrinth)
 20581 | Lair:5   | Identified a scroll of acquirement
 20777 | Lair:5   | Reached skill level 10 in Dodging
 21020 | Lair:5   | Gained mutation: You evolve. [potion of beneficial mutation]
 21450 | Lair:6   | Gained mutation: You are completely attuned to the shadows. [demonic ancestry]
 21450 | Lair:6   | Reached XP level 15. HP: 112/112 MP: 13/13
 21582 | Lair:6   | Noticed Maud
 21592 | Lair:6   | Killed Maud
 21662 | Lair:6   | Found a staircase to the Shoals.
 21841 | Lair:6   | Found a staircase to the Snake Pit.
 22340 | Lair:7   | Reached skill level 14 in Fighting
 22373 | Lair:7   | Bought a heavily runed scale mail for 288 gold pieces
 22374 | Lair:7   | Identified the +3 scale mail "Piyghur" {rC+ MR+ Str+6 Stlth-} (You bought it in a shop on level 7 of the Lair of Beasts)
 22612 | Lair:7   | Found a viscous altar of Jiyva.
 22612 | Lair:7   | Found a staircase to the Slime Pits.
 23348 | Lair:8   | Entered Level 8 of the Lair of Beasts
 23929 | Lair:8   | Reached skill level 10 in Shields
 24266 | Lair:8   | Found a burning altar of Makhleb.
 24284 | Lair:8   | Found a gateway to Hell.
 24346 | Lair:8   | Got a pair of spiked boots
 24349 | Lair:8   | Identified the +0 pair of boots of Duty {rN++} (You found it on level 8 of the Lair of Beasts)
 24394 | Lair:8   | Slain by a six-headed hydra

Vault maps used:
D:1:      lightli_iron_boxes, minmay_fountain_box
D:2:      lemuel_upstairs_altar, vehumet_crystals, kennysheep_vampire_church,
          first_bread, kennysheep_potato
D:3:      grunt_qazlal_clouds, xom_redecorated, uniq_grinder
D:4:      kennysheep_six_static_rooms, nicolae_overflow_crystal_walls,
          minmay_hollow_rounded_squares
D:5:      minmay_temple_entry_nine_rooms, portal_sewer_entry_b,
          kennysheep_cross_room
D:6:      minmay_liquid_box, moated_statue, lemuel_tele_altar
D:7:      zin_treasury, serial_shops, nicolae_shop_crystal, nicolae_shop_trees,
          nicolae_shop_stone, nicolae_shop_trees, grunt_livestock, uniq_pikel
D:8:      nicolae_overflow_hidden_temple, lair_0_dummy, uniq_gastronok,
          uniq_prince_ribbit1
D:9:      orc_david_3, uniq_erolcha
D:10:     nicolae_trove_entry_free_sample, nicolae_blasting_shop
D:11:     uniq_grum
D:13:     david_vaults_2, basic_altar, serial_shops, kennysheep_little_box,
          nicolae_shop_waterfront, shop, shop, shop, minmay_holes, uniq_maurice
D:14:     serial_shops, nicolae_shop_statue_plus, basic_altar,
          solitary_fountain, uniq_azrael
D:15:     grunt_enter_depths_magical_seal, minmay_misc_feat_more_columns,
          minivault_14
Temple:   triangle_lava_temple_11
Lair:1:   grunt_megastairs_5
Lair:2:   basic_altar
Lair:3:   beast_lair_carwin_large_1, roderic_carrion_pond, serial_bayou_shore_b,
          infiniplex_staircase_pool_2, uniq_sonja
Lair:4:   beast_lair_carwin_7, grunt_megastairs_3
Lair:5:   lab_entry_generic
Lair:6:   minmay_shoals_entry_centaurs, minmay_snake_entry_guardpost_medium,
          uniq_maud
Lair:7:   slime_altar_1
Lair:8:   evil_forest, lemuel_fruit_tree
Orc:1:    uniq_urug
Orc:2:    st_orc_congregation, basic_altar, serial_shops, nicolae_shop_trees
Lab:      labyrinth_mini_lab, nicolae_lab_grate, lab_block, nicolae_lab_lava,
          nicolae_lab_plus, nicolae_lab_do_over, nicolae_lab_checkerboard,
          nicolae_lab_grate_2
Sewer:    sewer_co_purgy_island

Skill      XL: |  1  2  3  4  5  6  7  8  9 10 11 12 13 14 15 |
---------------+----------------------------------------------+-----
Dodging        | 3 4 5 6 7 8 9 10 11 | 11.2
Armour         | 1 3 4 5 6 7 9 10 11 12 | 12.1
Fighting       | 4 5 6 7 8 9 10 11 12 13 14 | 14.5
Axes           | 1 3 4 6 8 9 10 11 12 | 12.7
Shields        | 2 5 7 9 10 | 10.2
Stealth        | |  1.7
Unarmed Combat | |  3.6

Action                   |  1- 3 |  4- 6 |  7- 9 | 10-12 | 13-15 || total
-------------------------+-------+-------+-------+-------+-------++-------
Melee: Unarmed           |   143 |   175 |   108 |       |       ||   426
       Headbutt          |    19 |    31 |    76 |   103 |   376 ||   605
       Kick              |    22 |    48 |   104 |   160 |   311 ||   645
       Punch             |     1 |     3 |     6 |     5 |       ||    15
       War axe           |       |       |   308 |   485 |   519 ||  1312
       Broad axe         |       |       |       |       |   630 ||   630
       Scimitar          |       |       |       |       |    43 ||    43
Invok: Call Merchant     |       |       |     1 |       |     3 ||     4
Evoke: Wand              |       |       |       |    21 |    11 ||    32
       Deck              |       |       |       |     5 |       ||     5
       Sack of spiders   |       |       |       |       |     4 ||     4
  Use: Scroll            |     6 |     6 |     7 |    13 |    13 ||    45
       Potion            |       |     7 |     4 |     6 |     5 ||    22
 Stab: Sleeping          |     2 |     8 |     8 |     4 |    44 ||    66
       Invisible         |       |     3 |       |       |       ||     3
       Distracted        |       |       |     1 |     3 |    14 ||    18
  Eat: Chunk             |     4 |     5 |     4 |       |       ||    13
       Beef jerky        |       |       |     5 |     6 |     3 ||    14
       Pizza             |       |       |     3 |     7 |     1 ||    11
       Fruit             |       |       |       |     5 |    12 ||    17
       Royal jelly       |       |       |       |     1 |    10 ||    11
Armor: Robe              |     3 |       |       |       |    64 ||    67
       Ring mail         |    46 |    67 |     5 |       |       ||   118
       Skin              |       |     3 |     5 |    61 |       ||    69
       Scale mail        |       |       |   136 |    96 |       ||   232
       Plate armour      |       |       |       |   103 |   405 ||   508
Dodge: Dodged            |   105 |   146 |   301 |   348 |   723 ||  1623
Block: Buckler           |       |       |       |    64 |   662 ||   726
